 Dungeon Crawl Stone Soup version 0.20.0-15-g7f486f2 (webtiles) character file.

32 miragecloak the Changer (level 3, 0/23 HPs)
             Began as an Octopode Transmuter on June 14, 2017.
             Slain by a worm (12 damage)
             ... on level 2 of the Dungeon.
             The game lasted 00:01:22 (1316 turns).

miragecloak the Changer (Octopode Transmuter)       Turns: 1316, Time: 00:01:23

Health: 0/23       AC:  1    Str:  9    XL:     3   Next: 27%
Magic:  6/6        EV: 13    Int: 15    God:
Gold:   61         SH:  0    Dex: 13    Spells: 2/6 levels left

rFire    . . .     SeeInvis .     - Unarmed
rCold    . . .     Gourm    .   (no shield)
rNeg     . . .     Faith    .   (helmet restricted)
rPois    .         Spirit   .   (no amulet)
rElec    .         Reflect  .   (no ring)
rCorr    .         Harm     .   (no ring)
MR       .....                  (no ring)
Stlth    ++........             (no ring)
Regen    0.1/turn               (no ring)
MPRegen  0.1/turn               (no ring)
                                (no ring)
                                (no ring)

@: no status effects
A: almost no armour, stealthy swim, amphibious, 8 rings, constrict 8, camouflage
1, gelatinous body 1
a: no special abilities


You were on level 2 of the Dungeon.
You were very hungry.

You visited 1 branch of the dungeon, and saw 2 of its levels.

You collected 61 gold pieces.

Inventory:

Missiles
 a - 12 arrows
Scrolls
 f - a scroll of enchant armour {unknown}
 h - a scroll of identify {unknown}
 j - 2 scrolls of teleportation {unknown}
 m - a scroll of remove curse {unknown}
Potions
 d - a potion of might {unknown}
 e - a potion of heal wounds {unknown}
 i - a potion of flight {unknown}
 k - a potion of curing {unknown}
 l - a potion of lignification {unknown}
Books
 b - a book of Changes

   Spells                             Type                      Level
   a - Beastly Appendage              Transmutation                1
   b - Sticks to Snakes               Transmutation                2
   c - Spider Form                    Transmutation/Poison         3
   d - Ice Form                       Ice/Transmutation            4
   e - Blade Hands                    Transmutation                5
Comestibles
 c - 2 bread rations
 g - 2 fruits


   Skills:
 - Level 1.0 Fighting
 - Level 2.0 Dodging
 - Level 3.0 Unarmed Combat
 - Level 2.0 Spellcasting
 + Level 3.5 Transmutations
 * Level 0.5 Poison Magic


You had 2 spell levels left.
You knew the following spells:

 Your Spells              Type           Power        Failure   Level  Hunger
a - Beastly Appendage     Tmut           ##....       5%          1    #......
b - Spider Form           Tmut/Pois      #.........   28%         3    ###....


Dungeon Overview and Level Annotations

Branches:
Dungeon (2/15)

Altars:
Dithmenos
Nemelex Xobeh


Innate Abilities, Weirdness & Mutations

You cannot wear most types of armour.
You are very stealthy in the water. (Stealth+)
You are amphibious.
You can wear up to eight rings at the same time.
You can use your tentacles to constrict eight enemies at once.
Your skin changes colour to match your surroundings (Stealth+).
Your rubbery body absorbs attacks. (AC +1, EV +1)


Message History

You see here a dagger.
c - 2 bread rations (gained 1)
You see here a ball python skeleton.
Magic restored.
Found a falchion.
There is a stone staircase leading up here.
A worm comes into view.
You see here a bubbling grey potion.
A worm is nearby!
A worm is nearby!
The worm bites you!
You tentacle-slap the worm. You grab the worm.
You squeeze the worm, but do no damage.
The worm is lightly wounded.
You constrict the worm. You tentacle-slap the worm.
The worm is moderately wounded.
You constrict the worm. The worm bites you!
Ouch! That really hurt!
You die...

........ .#...##
......###. ........)
.......# .......#
#.....###.#
##........#.########
##.###..##....w@..#
# #.# #..#########!#
###.# #..# #.# ....#
#..# #.# ##### #..#
#.# # #.># #.#
###..#########.#
#####..............#
....<....###########


You could see a worm.

Vanquished Creatures
  A dart slug (D:1)
  A leopard gecko (D:1)
  7 bats
  4 goblins
  5 hobgoblins
  2 kobolds (D:2)
  3 ball pythons
  A frilled lizard (D:1)
  5 rats
29 creatures vanquished.

Notes
Turn   | Place    | Note
-------+----------+-------------------------------------------
     0 | D:1      | miragecloak the Octopode Transmuter began the quest for the Orb.
     0 | D:1      | Reached XP level 1. HP: 13/13 MP: 3/3
   181 | D:1      | Reached XP level 2. HP: 16/18 MP: 3/5
   698 | D:2      | Reached XP level 3. HP: 15/23 MP: 4/6
   703 | D:2      | Learned a level 3 spell: Spider Form
   825 | D:2      | Found a sparkling altar of Nemelex Xobeh.
   886 | D:2      | Found a shadowy altar of Dithmenos.
  1316 | D:2      | Slain by a worm

Skill      XL: |  1  2 |
---------------+-------+-----
Transmutations | 3 |  3.5
Fighting       | |  1.0
Dodging        | |  2.0
Unarmed Combat | |  3.0
Spellcasting   | |  2.0
Poison Magic   | |  0.5

Action                   || total
-------------------------++-------
Melee: Unarmed           ||    62
       Constrict         ||    18
       Tentacles         ||     6
       Kick              ||     2
 Cast: Beastly Appendage ||    21
       Spider Form       ||     4
 Stab: Sleeping          ||     7
  Eat: Chunk             ||     1
Armor: Skin              ||     8
Dodge: Dodged            ||    49
